 Seeded DCSS version 0.28.0-62-gf88900778d (webtiles) character file.

Game seed: 7354764476538282622 (custom seed)

29556 cbfl8 the Fencer (level 13, -4/108 (118) HPs)
             Began as a Minotaur Berserker on June 29, 2023.
             Was a High Priest of Trog.
             Slain by a wyvern (6 damage)
             ... while petrified by a basilisk
             ... on level 14 of the Dungeon.
             The game lasted 00:15:56 (12679 turns).

cbfl8 the Fencer (Minotaur Berserker)              Turns: 12679, Time: 00:15:57

HP:   -4/108 (118)  AC: 19    Str: 23    XL:     13   Next: 15%
MP:   12/12         EV:  2    Int: 10    God:    Trog [*****.]
Gold: 1239          SH:  0    Dex: 14    Spells: 12/12 levels left

rFire   . . .      SeeInvis .   m - +9 sword of Zonguldrok {reap}
rCold   + . .      Faith    .   (no shield)
rNeg    + + +      Spirit   .   B - +0 plate armour
rPois   ∞          Reflect  .   (helmet restricted)
rElec   .          Harm     .   w - +0 cloak
rCorr   .          Rampage  .   j - +0 pair of gloves
Will    .....                   (no boots)
Stlth   ..........              d - amulet of regeneration
HPRegen 1.08/turn               o - ring of protection from cold
MPRegen 0.13/turn               E - +6 ring of intelligence

@: petrified, on berserk cooldown, slowed, drained
A: horns 2, retaliatory headbutt
a: Renounce Religion, Berserk, Trog's Hand, Brothers in Arms


You were on level 14 of the Dungeon.
You worshipped Trog.
Trog was extremely pleased with you.
You visited 1 branch of the dungeon, and saw 14 of its levels.
You also visited: Ossuary and Bailey.

You collected 1395 gold pieces.
You spent 156 gold pieces at shops.

Inventory:

Hand Weapons
 a - a +1 triple sword of chaos
 m - the +9 sword of Zonguldrok (weapon) {reap}
   (You found it on level 3 of the Dungeon)

   Any living foe damaged by it may be reanimated upon death as a zombie
   friendly to the wielder, with an increasing chance as more damage is dealt.
Missiles
 t - 3 throwing nets
Armour
 j - a +0 pair of gloves (worn)
 w - a +0 cloak (worn)
 B - a +0 plate armour (worn)
Jewellery
 d - an amulet of regeneration (around neck)
 o - a ring of protection from cold (left hand)
 E - a +6 ring of intelligence (right hand)
Wands
 r - a wand of acid (8) (quivered)
 u - a wand of digging (5)
 A - a wand of paralysis (6)
Scrolls
 b - 8 scrolls of teleportation
 k - a scroll of holy word
 l - 4 scrolls of magic mapping
 s - a scroll of noise
 D - a scroll of silence
Potions
 c - 4 potions of invisibility
 e - 8 potions of curing
 f - a potion of mutation {unknown}
 i - 4 potions of might
 p - a potion of berserk rage
 q - 2 potions of cancellation
 v - 7 potions of flight
 x - a potion of magic {unknown}
 z - a potion of resistance {unknown}
Miscellaneous
 n - a condenser vane


   Skills:
 + Level 12.1 Fighting
 + Level 16.2 Long Blades
 + Level 13.1 Armour
 + Level 3.8 Dodging
 + Level 2.1 Stealth
 * Level 9.5 Evocations


You had 12 spell levels left.
You didn't know any spells.
Your spell library was empty.

Dungeon Overview and Level Annotations

Branches:
Dungeon (14/15)            Temple (0/1) D:6            Lair (0/6) D:10
    Orc (0/2) D:10        Ossuary (visited)          Bailey (visited)
 Vaults: D:13-14

Altars:
Cheibriados
Dithmenos
Elyvilon
Gozag
Hepliaklqana
Makhleb
Okawaru
Qazlal
Sif Muna
Trog
Uskayaw
Wu Jian
The Shining One

Shops:
D:5 *   D:9 ?


Innate Abilities, Weirdness & Mutations

You have a pair of horns on your head.
You reflexively headbutt those who attack you in melee.


Message History

* * * LOW HITPOINT WARNING * * *
The wyvern bites you but does no damage.
The hell rat bites your wyvern zombie!
Unknown command.
You swap places.
Your wyvern zombie closely misses the hell rat.
The wyvern bites you.
* * * LOW HITPOINT WARNING * * *
The wyvern bites your wyvern zombie! The hell rat bites your wyvern zombie!
Your wyvern zombie is destroyed!
The wyvern barely misses you. The hell rat barely misses you.
You furiously retaliate!
You headbutt the hell rat, but do no damage.
The wyvern completely misses you. You furiously retaliate!
You headbutt the wyvern. The hell rat bites you.
* * * LOW HITPOINT WARNING * * *
The wyvern bites you but does no damage.
Your hell rat zombie bites the hell rat!
You have turned to stone.
The wyvern bites you but does no damage.
The wyvern bites you.
* * * LOW HITPOINT WARNING * * *
The hell rat bites you!
* * * LOW HITPOINT WARNING * * *
Your hell rat zombie bites the hell rat.
The wyvern bites you.
The hell rat bites your hell rat zombie!
The wyvern bites you!
* * * LOW HITPOINT WARNING * * *
The hell rat bites you but does no damage.
The wyvern bites you!
* * * LOW HITPOINT WARNING * * *
The wyvern bites you!
* * * LOW HITPOINT WARNING * * *
The hell rat bites your hell rat zombie!
Your hell rat zombie is destroyed!
The hell rat bites you but does no damage.
The wyvern bites you but does no damage.
The wyvern bites you!
You die...

#. # #.# # #.# # #.# ##
#.# ######+## .# ##.#
#l....... .#
####..#####lr......
.######>...#..ZZ@lll.....
.'........[..####rr....!.
.#####.####### #k...}...
## #.# ######+## #.# #.#
#.# #.# #+#


You could see 3 basilisks, a rime drake, 2 wyverns, 3 hell rats, a friendly
basilisk zombie and a friendly hell rat zombie.

Vanquished Creatures
  Azrael (D:13)
  A boulder beetle (D:13)
  4 hydras
  4 two-headed ogres
  5 skeletal warriors (D:13)
  Pikel (D:5)
  2 orc knights (Bailey)
  4 deep elf pyromancers
  3 cyclopes (D:13)
  3 centaur zombies
  An unseen horror (D:13)
  Psyche (D:9)
  A freezing wraith (D:12)
  2 komodo dragons
  4 trolls
  2 meliai (D:13)
  Grinder (D:6)
  Prince Ribbit (D:5)
  A shadow (D:13)
  5 wyverns (D:14)
  3 fire elementals (D:13)
  12 yaks
  3 basilisks
  2 steam dragons (D:6)
  10 vampire mosquitoes
  Edmund (D:5)
  2 acid dragons (D:10)
  6 water moccasins
  5 hell hounds (D:13)
  10 orc warriors
  2 black bears
  A sky beast (D:6)
  An ice beast (D:6)
  An ogre (D:6)
  A necrophage (D:7)
  10 centaurs
  A lemure (D:5)
  A phantom (D:4)
  4 kobold brigands
  A wyvern zombie (D:7)
  4 bullfrogs
  A gnoll sergeant (D:8)
  A scorpion (D:10)
  9 killer bees
  3 howler monkeys
  2 bullfrog zombies
  2 hounds
  2 centaur skeletons
  3 orc priests
  4 jellies
  A gnoll shaman (D:5)
  6 iguanas
  5 orc wizards
  7 hell rats (D:14)
  2 killer bee zombies
  8 mummies (Ossuary)
  13 gnolls
  3 adders
  A white imp (D:6)
  2 ufetubi
  2 worms
  4 dart slugs
  44 orcs
  2 endoplasms
  5 giant cockroaches
  10 goblins
  13 hobgoblins
  4 jackals
  31 kobolds
  6 quokkas
  7 ball pythons
  5 bats
  5 frilled lizards
  4 hobgoblin zombies (Ossuary)
  4 orc zombies (Ossuary)
  9 rats
358 creatures vanquished.

Vanquished Creatures (collateral kills)
  A centaur warrior (D:12)
  An unseen horror (D:12)
  A meliai (D:13)
  A wyvern (D:14)
  A yak (D:10)
  A vampire mosquito (D:12)
  2 black bears (D:10)
  A bullfrog (D:10)
  An orc wizard (D:9)
  A hell rat (D:14)
  2 orcs
13 creatures vanquished.

Vanquished Creatures (others)
  20 fungi (D:10)
  21 plants (D:10)
41 creatures vanquished.

Grand Total: 412 creatures vanquished

Notes
Turn   | Place    | Note
-------+----------+-------------------------------------------
     0 | D:1      | cbfl8 the Minotaur Berserker began the quest for the Orb.
     0 | D:1      | Reached XP level 1. HP: 19/19 MP: 0/0
   231 | D:1      | Reached XP level 2. HP: 27/27 MP: 1/1
   311 | D:1      | Found a faded altar of an unknown god.
   380 | D:1      | Reached skill level 4 in Long Blades
   970 | D:2      | Reached skill level 1 in Evocations
   988 | D:2      | Reached XP level 3. HP: 33/33 MP: 2/2
  1123 | D:2      | Reached ** piety under Trog
  1804 | D:2      | Identified the +2 whip of Ulymp {antimagic, rF+}
  1968 | D:3      | Reached XP level 4. HP: 35/41 MP: 3/3
  2217 | D:3      | Found a shimmering blue altar of Sif Muna.
  2279 | D:3      | Found the +9 sword of Zonguldrok {reap}
  2434 | D:3      | Noticed a bullfrog
  2436 | D:3      | Killed a bullfrog
  2437 | D:3      | Reached skill level 5 in Long Blades
  2437 | D:3      | Reached XP level 5. HP: 45/47 MP: 4/4
  3176 | D:4      | Noticed a water moccasin
  3182 | D:4      | Killed a water moccasin
  3183 | D:4      | Reached XP level 6. HP: 51/55 MP: 5/5
  3184 | D:4      | Reached *** piety under Trog
  3286 | D:4      | Found a white marble altar of Elyvilon.
  3297 | D:4      | Reached skill level 6 in Long Blades
  3669 | D:5      | Entered Level 5 of the Dungeon
  3682 | D:5      | Reached skill level 5 in Fighting
  3769 | D:5      | Reached XP level 7. HP: 61/61 MP: 6/6
  3848 | D:5      | Noticed Pikel
  3855 | D:5      | Killed Pikel
  3856 | D:5      | Reached skill level 7 in Long Blades
  3856 | D:5      | Reached skill level 5 in Armour
  3856 | D:5      | Reached XP level 8. HP: 53/69 MP: 7/7
  3877 | D:5      | Noticed Prince Ribbit
  3885 | D:5      | Killed Prince Ribbit
  3886 | D:5      | Reached skill level 8 in Long Blades
  3900 | D:5      | Found an opulent altar of Gozag.
  4080 | D:5      | Found a stormy altar of Qazlal.
  4151 | D:5      | Found an ornate altar of the Wu Jian Council.
  4388 | D:5      | Found Teixen's General Store.
  4400 | D:5      | Noticed Edmund
  4405 | D:5      | Killed Edmund
  4421 | D:5      | Bought a scroll of identify for 24 gold pieces
  4587 | D:6      | Reached skill level 9 in Long Blades
  4669 | D:6      | Found a hide-covered altar of Uskayaw.
  4770 | D:6      | Reached XP level 9. HP: 66/78 MP: 8/8
  4771 | D:6      | Noticed a two-headed ogre
  4779 | D:6      | Found a staircase to the Ecumenical Temple.
  4788 | D:6      | Killed a two-headed ogre
  4789 | D:6      | Reached skill level 10 in Long Blades
  4789 | D:6      | Reached skill level 5 in Evocations
  4968 | D:6      | Found a hazy altar of Hepliaklqana.
  5195 | D:6      | Reached **** piety under Trog
  5225 | D:6      | Noticed Grinder
  5231 | D:6      | Killed Grinder
  5232 | D:6      | Reached skill level 11 in Long Blades
  5506 | D:7      | Found a burning altar of Makhleb.
  5635 | D:7      | Reached XP level 10. HP: 83/86 MP: 9/9
  6063 | D:7      | Found a shadowy altar of Dithmenos.
  6083 | D:7      | Found an iron altar of Okawaru.
  6160 | D:7      | Reached skill level 1 in Stealth
  6512 | D:8      | Found a sand-covered staircase.
  6522 | Ossuary  | Entered an ossuary
  6563 | Ossuary  | Reached ***** piety under Trog
  6863 | D:8      | Reached skill level 12 in Long Blades
  7651 | D:9      | Noticed Psyche
  7654 | D:9      | Killed Psyche
  7766 | D:9      | Found a snail-covered altar of Cheibriados.
  8019 | D:9      | Found Iniogoug's Magic Scroll Emporium.
  8022 | D:9      | Bought a scroll of identify for 22 gold pieces
  8022 | D:9      | Bought a scroll of identify for 22 gold pieces
  8022 | D:9      | Bought a scroll of identify for 22 gold pieces
  8022 | D:9      | Bought a scroll of identify for 22 gold pieces
  8022 | D:9      | Bought a scroll of identify for 22 gold pieces
  8022 | D:9      | Bought a scroll of identify for 22 gold pieces
  8082 | D:10     | Entered Level 10 of the Dungeon
  8107 | D:10     | Found a staircase to the Lair.
  8113 | D:10     | Reached skill level 13 in Long Blades
  8126 | D:10     | Reached XP level 11. HP: 61/95 MP: 10/10
  8190 | D:10     | Found a glowing golden altar of the Shining One.
  8190 | D:10     | Found a bloodstained altar of Trog.
  8205 | D:10     | Found a flagged portal.
  8451 | Bailey   | Entered a bailey
  8459 | Bailey   | Noticed an orc knight
  8479 | Bailey   | Noticed an orc knight
  8497 | Bailey   | Killed an orc knight
  8498 | Bailey   | Received a gift from Trog
  8562 | Bailey   | Killed an orc knight
  8565 | Bailey   | Identified the +8 whip "Qozo" {elec, Int+2 Dex+2}
  9002 | D:10     | Noticed a two-headed ogre
  9011 | D:10     | Killed a two-headed ogre
  9173 | D:10     | Found a staircase to the Orcish Mines.
  9191 | D:10     | Noticed a two-headed ogre
  9195 | D:10     | Killed a two-headed ogre
  9196 | D:10     | Reached skill level 14 in Long Blades
  9196 | D:10     | Reached skill level 10 in Armour
  9631 | D:11     | Reached skill level 10 in Fighting
 10018 | D:12     | Noticed an eight-headed hydra
 10025 | D:12     | Killed a ten-headed hydra
 10110 | D:12     | Noticed a deep elf pyromancer
 10124 | D:12     | Killed a deep elf pyromancer
 10192 | D:12     | Noticed a deep elf pyromancer
 10203 | D:12     | Killed a deep elf pyromancer
 10287 | D:12     | Found an opulent altar of Gozag.
 10364 | D:12     | Reached XP level 12. HP: 93/107 MP: 11/11
 10581 | D:12     | You fall into a shaft and drop 1 floor!
 10589 | D:13     | Reached skill level 15 in Long Blades
 10609 | D:13     | Noticed a boulder beetle
 10619 | D:13     | Killed a boulder beetle
 10742 | D:13     | Noticed a two-headed ogre
 10747 | D:13     | Killed a two-headed ogre
 10840 | D:12     | Noticed an eight-headed hydra
 11137 | D:12     | Killed an 18-headed hydra
 11228 | D:12     | Noticed a centaur warrior
 11237 | D:12     | Killed a centaur warrior
 11906 | D:13     | Noticed Azrael
 12340 | D:13     | Killed Azrael
 12341 | D:13     | Reached skill level 16 in Long Blades
 12446 | D:13     | Reached XP level 13. HP: 117/117 MP: 12/12
 12616 | D:14     | Identified the +0 ring mail of Prudence {Int+6}
 12669 | D:14     | Received a gift from Trog
 12678 | D:14     | HP: 4/108 [wyvern (7)]
 12678 | D:14     | HP: 1/108 [wyvern (3)]
 12679 | D:14     | Slain by a wyvern

Illustrated notes

Levels and vault maps discovered:
D:1:      scummos_arrival_gate, layout_basic,
          dreamdust_ecumenical_altar_hidden_monk_grotto
D:2:      minmay_diamond_boxcup, layout_rooms, minmay_between
D:3:      layout_basic, mainiacjoe_overflow_tiny_flanked, minmay_quantized
D:4:      layout_basic, elyvilon_altar_1
D:5:      layout_gridville, nicolae_qazlal_eye_of_the_storm,
          nicolae_wu_jian_immortal_techniques, mainiacjoe_overflow_alcove_2,
          serial_shops, nicolae_shop_advertising_works
          [nicolae_subvault_shop_adworks], uniq_edmund, uniq_prince_ribbit1,
          uniq_pikel
D:6:      cheibrodos_steamvent, layout_loops_ring, nicolae_uskayaw_dance_studio,
          worldfamousw_hep_ancestral_shrine, minmay_temple_entry_arrows,
          uniq_grinder
D:7:      layout_loops_ring, overflow_temple_1_default,
          mainiacjoe_overflow_swirl
D:8:      layout_layer_cave, chequers_ossuary_entry_cave, special_room
          [special_room_orc]
D:9:      layout_basic, old_standard_altar, serial_shops,
          nicolae_shop_window_shopping, uniq_psyche
D:10:     layout_roguey, chequers_temple_overflow_statue_of_worship,
          due_lair_maze_entry_diamond, enter_bailey_2
D:11:     layout_loops_ring, hangedman_glass_teeth
D:12:     layout_basic, nicolae_gozag_seed_capital
D:13:     layout_rooms, grunt_ministairs_12, fungi_pond_lemuel, uniq_azrael
D:14:     layout_roguey [special_room_mythical_zoo], grunt_vaults_entry_tiered,
          kennysheep_another_room, nicolae_elevator_lobby_plus

Skill      XL: |  1  2  3  4  5  6  7  8  9 10 11 12 13 |
---------------+----------------------------------------+-----
Long Blades    | 4 5 6 7 9 11 13 14 16 | 16.2
Fighting       | 4 5 6 7 8 10 11 12 | 12.1
Evocations     | 1 2 3 4 5 6 8 9 |  9.5
Armour         | 3 4 5 7 8 9 10 12 13 | 13.1
Dodging        | 3 |  3.8
Stealth        | 1 2 |  2.1

Action                   |  1- 3 |  4- 6 |  7- 9 | 10-12 | 13-15 || total
-------------------------+-------+-------+-------+-------+-------++-------
Melee: Falchion          |   138 |    23 |       |       |       ||   161
       Headbutt          |    20 |    11 |    23 |    91 |     6 ||   151
       Punch             |     1 |     1 |       |    13 |     2 ||    17
       Double sword      |       |    33 |   113 |   505 |    37 ||   688
Invok: Berserk           |       |     1 |     2 |     9 |     2 ||    14
       Trog's Hand       |       |       |     1 |     1 |       ||     2
Evoke: Wand              |       |       |     2 |     1 |       ||     3
  Use: Scroll            |     2 |     1 |     1 |    24 |     1 ||    29
       Potion            |     1 |       |       |     5 |       ||     6
Armor: Animal skin       |     2 |       |       |       |       ||     2
       Scale mail        |    52 |     8 |       |       |       ||    60
       Chain mail        |       |    18 |    51 |    77 |       ||   146
       Plate armour      |       |       |       |   325 |    50 ||   375
Dodge: Dodged            |    69 |    33 |    55 |   253 |    27 ||   437
